 Dungeon Crawl Stone Soup version 0.29.1-1-gd02db6906a (webtiles) character file.

Game seed: 16992997706353431482

27 Hadkhar the Sneak (level 2, -6/15 HPs)
             Began as a Spriggan Brigand on Sept 17, 2022.
             Killed from afar by Sigmund (10 damage)
             ... with a puff of flame
             ... on level 2 of the Dungeon.
             The game lasted 00:13:22 (1511 turns).

Hadkhar the Sneak (Spriggan Brigand)                Turns: 1511, Time: 00:13:22

Health: -6/15      AC:  3    Str:  7    XL:     2   Next: 93%
Magic:  3/3        EV: 17    Int: 12    God:
Gold:   40         SH:  0    Dex: 16    Spells: 1/1 levels left

rFire   . . .      SeeInvis +   a - +2 dagger
rCold   . . .      Faith    .   (no shield)
rNeg    . . .      Spirit   .   b - +0 robe
rPois   .          Reflect  .   (helmet restricted)
rElec   .          Harm     .   c - +0 cloak
rCorr   .          Rampage  .   (gloves unavailable)
Will    +....                   (boots unavailable)
Stlth   +++.......              (no amulet)
HPRegen 0.05/turn               f - ring of willpower
MPRegen 0.08/turn               (no ring)

@: very quick
A: very small, no large weapons, unfitting armour, see invisible, speed 3
a: no special abilities


You were on level 2 of the Dungeon.
You visited 1 branch of the dungeon, and saw 2 of its levels.

You collected 40 gold pieces.

Inventory:

Hand Weapons
 a - a +2 dagger (weapon)
Missiles
 d - 8 poisoned darts (quivered)
 e - 3 curare-tipped darts
Armour
 b - a +0 robe (worn)
 c - a +0 cloak (worn)
Jewellery
 f - a ring of willpower (left hand)
Potions
 g - a potion of might {unknown}
 h - a potion of degeneration {unknown}
 i - a potion of cancellation {unknown}


   Skills:
 + Level 1.9 Fighting
 + Level 2.6 Short Blades
 + Level 2.3 Throwing
 + Level 2.1 Dodging
 + Level 6.2 Stealth


You had one spell level left.
You didn't know any spells.
Your spell library was empty.

Dungeon Overview and Level Annotations

Branches:
Dungeon (2/15)

Altars:

Annotations:
D:2 Sigmund


Innate Abilities, Weirdness & Mutations

You are very small and have problems with some larger weapons.
You are too small for most types of armour.
You have supernaturally acute eyesight. (SInv)
You cover ground extremely quickly. (Speed+++)


Message History

You see here a poisoned dart.
Found a murky grey potion.
The endoplasm quivers.
The endoplasm jiggles.
Throw: 9 darts (poison)
Press: ? - help, Q - select action, (/) - cycle Shift-Dir - straight line, f - endoplasm
Aim: an endoplasm (86% to hit)
You throw a poisoned dart. The poisoned dart hits the endoplasm.
The endoplasm is poisoned.
You hit the endoplasm.
The endoplasm is moderately wounded.
The endoplasm misses you.
You hit the endoplasm.
The endoplasm is almost dead.
The endoplasm closely misses you.
You barely miss the endoplasm.
You punch the endoplasm, but do no damage.
The endoplasm is almost dead.
The endoplasm freezes you.
You are frozen.
Sigmund the Dreaded comes into view.
He is wielding a +0 scythe.
You hit the endoplasm but do no damage.
The endoplasm is almost dead.
You hit the endoplasm.
You kill the endoplasm!
Press: ? - help, v - describe, . - travel
Here: Sigmund, wielding a +0 scythe and wearing a +0 robe The floor.
Sigmund casts a spell at you. The magic dart hits you.
* * * LOW HITPOINT WARNING * * *
Press: ? - help, . - travel You can't see that place.
Sigmund mumbles some strange words.
Sigmund flickers and vanishes for a moment.
There is a stone staircase leading up here.
You can't go down here!
Sigmund casts a spell at you. The puff of flame hits you!
Ouch! That really hurt!
You die...

. .. ##########
... #...@....#
.... #)†......#
.!...##(.......#
#..((...........
#..##....##..##.
#. #.###.......
.. .@. .###.....
.##..#. . ..#.
...... . .#


You could see Sigmund (invisible).

Vanquished Creatures
  2 ball pythons (D:1)
  A bat (D:1)
  3 endoplasms
  2 giant cockroaches (D:1)
  4 goblins
  A hobgoblin (D:1)
  2 jackals (D:2)
  A kobold (D:1)
  3 quokkas (D:1)
  3 frilled lizards (D:1)
22 creatures vanquished.

Notes
Turn   | Place    | Note
-------+----------+-------------------------------------------
     0 | D:1      | Hadkhar the Spriggan Brigand began the quest for the Orb.
     0 | D:1      | Reached XP level 1. HP: 10/10 MP: 2/2
   539 | D:1      | Reached skill level 6 in Stealth
   559 | D:1      | Reached XP level 2. HP: 15/15 MP: 3/3
  1503 | D:2      | Noticed Sigmund
  1511 | D:2      | Killed from afar by Sigmund

Illustrated notes

Levels and vault maps discovered:
D:1:      psy_arrival_radial01, layout_loops_ring, corexii_leaking_fountain
D:2:      layout_basic, shapermc_ecumenical_altar_petra,
          hangedman_abyss_or_decor_lesser_grid, uniq_sigmund

Skill      XL: |  1  2 |
---------------+-------+-----
Stealth        | 6 |  6.2
Dodging        | 2 |  2.1
Fighting       | |  1.9
Short Blades   | |  2.6
Throwing       | |  2.3

Action                   || total
-------------------------++-------
Melee: Dagger            ||    64
       Punch             ||     2
Throw: Dart              ||    12
 Stab: Sleeping          ||     5
Armor: Robe              ||     5
Dodge: Dodged            ||    28
